 Dungeon Crawl Stone Soup version 0.29-a0-1065-g47a6bb87d6 (webtiles) character file.

Game seed: 16572453016629087051

58 nickcage the Vexing (level 3, 0/16 HPs)
             Began as a Spriggan Enchanter on Aug 18, 2022.
             Slain by a kobold brigand
             ... wielding a +0 club
              (8 damage)
             ... on level 3 of the Dungeon.
             The game lasted 00:05:57 (3075 turns).

nickcage the Vexing (Spriggan Enchanter)            Turns: 3075, Time: 00:05:57

Health: 0/16       AC:  3    Str:  4    XL:     3   Next: 75%
Magic:  10/17      EV: 17    Int: 18    God:
Gold:   89         SH:  0    Dex: 15    Spells: 6/8 levels left

rFire   . . .      SeeInvis +   j - +0 rapier
rCold   . . .      Faith    .   (no shield)
rNeg    . . .      Spirit   .   b - +0 robe
rPois   .          Reflect  .   (helmet restricted)
rElec   .          Harm     .   h - +0 cloak
rCorr   .          Rampage  .   (gloves unavailable)
Will    .....                   (boots unavailable)
Stlth   +++.......              (no amulet)
HPRegen 0.05/turn               k - ring of magical power
MPRegen 0.15/turn               (no ring)

@: very quick
A: very small, no large weapons, unfitting armour, see invisible, speed 3
a: no special abilities


You were on level 3 of the Dungeon.
You visited 1 branch of the dungeon, and saw 3 of its levels.

You collected 89 gold pieces.

Inventory:

Hand Weapons
 a - a +1 dagger
 j - a +0 rapier (weapon)
Armour
 b - a +0 robe (worn)
 h - a +0 cloak (worn)
Jewellery
 k - a ring of magical power (left hand)
Scrolls
 d - 2 scrolls of enchant armour {unknown}
 e - a scroll of teleportation {unknown}
 g - a scroll of fear {unknown}
 i - a scroll of immolation {unknown}
 l - a scroll of summoning {unknown}
 m - a scroll of amnesia {unknown}
 p - a scroll of magic mapping {unknown}
Potions
 c - 3 potions of invisibility
 f - a potion of brilliance {unknown}
 n - a potion of lignification {unknown}
 o - a potion of degeneration {unknown}


   Skills:
 + Level 2.3 Short Blades
 - Level 2.6 Dodging
 - Level 4.4 Stealth
 - Level 3.0 Spellcasting
 - Level 5.0 Hexes


You had 6 spell levels left.
You knew the following spells:

 Your Spells              Type           Power      Damage    Failure   Level
a - Ensorcelled Hibernat  Hex/Ice        22%        N/A       9%          2

Your spell library contained the following spells:

 Spells                   Type           Power      Damage    Failure   Level
 Confusing Touch          Hex            20%        N/A       6%          3
 Tukima's Dance           Hex            20%        N/A       6%          3
 Foxfire                  Conj/Fire      8%         2x1d4     16%         1
 Dazzling Flash           Conj/Hex       22%        N/A       17%         3
 Inner Flame              Hex/Fire       11%        N/A       17%         3
 Conjure Flame            Conj/Fire      2%         6-21      43%         3
 Ignite Poison            Fire/Tmut/Pois 2%         N/A       43%         3
 Mephitic Cloud           Conj/Pois/Air  2%         N/A       43%         3
 Flame Wave               Conj/Fire      2%         2d4       85%         4
 Freezing Cloud           Conj/Ice/Air   1%         6-21      99%         5
 Conjure Ball Lightning   Conj/Air       1%         3x3d6     100%        6
 Discord                  Hex            10%        N/A       100%        8
 Disjunction              Tloc           1%         N/A       100%        8


Dungeon Overview and Level Annotations

Branches:
Dungeon (3/15)

Altars:


Innate Abilities, Weirdness & Mutations

You are very small and have problems with some larger weapons.
You are too small for most types of armour.
You have supernaturally acute eyesight. (SInv)
You cover ground extremely quickly. (Speed+++)


Message History

You see here a giant cockroach corpse.
You open the door.
Found a war axe.
You open the door.
There is an open door here.
A kobold brigand and a kobold come into view.
The kobold brigand is wielding a +0 club and quivering curare-tipped darts.
The kobold brigand shouts!
The kobold shouts!
The kobold brigand resists with some effort.
The kobold brigand completely misses you.
The kobold brigand resists with some effort.
The kobold brigand barely misses you. The kobold hits you but does no damage.
The kobold brigand resists with some effort.
The kobold brigand barely misses you. The kobold completely misses you.
The kobold brigand looks drowsy...
The kobold barely misses you.
The helpless kobold brigand fails to defend itself.
You puncture the kobold brigand!
The kobold brigand is moderately wounded.
The kobold barely misses you. The kobold brigand closely misses you.
The kobold closely misses you. The kobold brigand misses you.
You hit the kobold brigand.
The kobold brigand is heavily wounded.
The kobold brigand closely misses you. The kobold barely misses you.
You hit the kobold but do no damage.
The kobold brigand hits you with a +0 club.
The kobold hits you but does no damage.
You hit the kobold.
You kill the kobold!
The kobold brigand misses you.
You hit the kobold brigand.
The kobold brigand is almost dead.
The kobold brigand misses you.
You hit the kobold brigand.
The kobold brigand is almost dead.
The kobold brigand hits you with a +0 club.
You completely miss the kobold brigand.
The kobold brigand is almost dead.
The kobold brigand hits you with a +0 club!
Ouch! That really hurt!
You die...

#)# ##'## .# .# ##...##
.###.# ##.....## ..... #
##.......## #.#.#
####.........####....###
...†.........'..........
####..)......#.##....#
## ##.......##..@K...#
.# ##[....###..#)#### .#
##...## #..#.# .# ##+##
#..#.# .# #....# .#
##.### .# #.# ## #.#


You could see a kobold brigand.

Vanquished Creatures
  An adder (D:2)
  A worm (D:2)
  A dart slug (D:1)
  4 bats
  8 endoplasms
  4 giant cockroaches
  6 goblins
  2 hobgoblins
  3 kobolds
  A quokka (D:1)
  2 ball pythons (D:1)
  2 frilled lizards
  A rat (D:3)
  A spectral kobold (D:1)
37 creatures vanquished.

Notes
Turn   | Place    | Note
-------+----------+-------------------------------------------
     0 | D:1      | nickcage the Spriggan Enchanter began the quest for the
                  | Orb.
     0 | D:1      | Reached XP level 1. HP: 9/9 MP: 5/5
    35 | D:1      | Reached skill level 4 in Hexes
   220 | D:1      | Reached XP level 2. HP: 6/13 MP: 6/6
   478 | D:1      | Learned a level 2 spell: Ensorcelled Hibernation
   509 | D:1      | Found a faded altar of an unknown god.
  1534 | D:1      | Reached XP level 3. HP: 10/16 MP: 1/8
  1862 | D:2      | Reached skill level 5 in Hexes
  3062 | D:3      | Noticed a kobold brigand
  3075 | D:3      | Slain by a kobold brigand

Illustrated notes

Levels and vault maps discovered:
D:1:      shiori_arrival_oz, layout_basic,
          dreamdust_ecumenical_altar_drowned_temple
D:2:      layout_loops_ring
D:3:      minmay_goblin_kobold_castle, layout_loops_corners,
          okawaru_metal_pillars_3, grunt_ministairs_7, uniq_sigmund, uniq_ijyb

Skill      XL: |  1  2  3 |
---------------+----------+-----
Hexes          | 4 5 |  5.0
Spellcasting   | 3 |  3.0
Short Blades   | 2 |  2.3
Dodging        | |  2.6
Stealth        | |  4.4

Action                   || total
-------------------------++-------
Melee: Dagger            ||    34
       Punch             ||     2
       Rapier            ||    35
 Cast: Ensorcelled Hiber ||    33
 Stab: Sleeping          ||    30
Armor: Robe              ||     9
Dodge: Dodged            ||    47

Table legend: (Time is in decaauts)
 A = Elapsed time spent in this place.
 B = Non-inter-level travel time spent in this place.
 C = Inter-level travel time spent in this place.
 D = Time resting spent in this place.
 E = Time spent auto-exploring this place.
 F = Levels seen in this place.
 G = Mean time per level.
                   A        B        C        D        E       F      G
               +--------+--------+--------+--------+--------+-----+--------+
         Total |   2433 |   2422 |     11 |    885 |   1257 |   3 |  811.0 |
       Dungeon |   2433 |   2422 |     11 |    885 |   1257 |   3 |  811.0 |
               +--------+--------+--------+--------+--------+-----+--------+

Top non-repeatable levels by time:
     D:1: 1682 daAuts
     D:2: 672 daAuts
     D:3: 78 daAuts
